 Dungeon Crawl Stone Soup version 0.24.0-13-gcf9b319 (webtiles) character file.

Game seed: 4960948914582485456, levelgen mode: deterministic

1122 Bronimir the Ogre Mage (level 8, -5/78 HPs)
             Began as an Ogre Fire Elementalist on Mar 21, 2020.
             Was an Initiate of Okawaru.
             Slain by a killer bee zombie (6 damage)
             ... on level 7 of the Dungeon.
             The game lasted 00:21:57 (9108 turns).

Bronimir the Ogre Mage (Ogre Fire Elementalist)     Turns: 9108, Time: 00:21:57

Health: -5/78      AC:  7    Str: 12 (13) XL:     8   Next: 35%
Magic:  15/15      EV: 10    Int: 16 (18) God:    Okawaru [......]
Gold:   316        SH:  0    Dex:  8 (9)  Spells: 6/17 levels left

rFire    + . .     SeeInvis .   C - +0 glaive (venom)
rCold    + + .     Gourm    .   (shield currently unavailable)
rNeg     . . .     Faith    .   g - +1 robe
rPois    +         Spirit   .   (helmet restricted)
rElec    +         Reflect  .   s - +2 cloak
rCorr    +         Harm     .   (gloves unavailable)
MR       .....                  (boots unavailable)
Stlth    +.........             (no amulet)
HPRegen  0.23/turn              j - ring of protection from cold
MPRegen  0.14/turn              (no ring)

@: lethally poisoned (-5 -> -6), resistant, berserk cooldown
A: large, unfitting armour, tough skin 1
a: Renounce Religion


You were on level 7 of the Dungeon.
You worshipped Okawaru.
Okawaru was noncommittal.
You were very hungry.

You visited 2 branches of the dungeon, and saw 8 of its levels.

You collected 316 gold pieces.

Inventory:

Hand Weapons
 a - a +0 flail
 b - a +0 club
 l - a +0 hand axe
 n - a +0 war axe
 q - a +0 spear
 B - a +0 mace
 C - a +0 glaive of venom (weapon)
Missiles
 h - 73 sling bullets
 r - 126 stones (quivered)
 w - 104 bolts
 x - 53 arrows
Armour
 g - a +1 robe (worn)
 s - a +2 cloak (worn)
Jewellery
 j - a ring of protection from cold (left hand)
 k - a +2 ring of intelligence {unknown}
 u - an uncursed ring of wizardry {unknown}
 y - an uncursed ring of wizardry {unknown}
 D - an uncursed ring of flight {unknown}
 E - the ring of the Mage {Wiz MR++ Int+3}
   (You took it off an orc on level 4 of the Dungeon)

   [ring of wizardry]

   It improves your spell success rate.
   It affects your intelligence (+3).
   It affects your resistance to hostile enchantments.
Wands
 o - a wand of iceblast (6)
Scrolls
 d - 3 scrolls of blinking
 e - 2 scrolls of magic mapping
 m - a scroll of enchant armour
 t - 5 scrolls of identify
 v - 2 scrolls of summoning
 A - 2 scrolls of immolation
 G - a scroll of teleportation
Potions
 f - a potion of resistance
 i - a potion of cancellation
 H - a potion of invisibility
Miscellaneous
 z - a crystal ball of energy
Comestibles
 c - 11 rations
 p - 3 chunks of flesh


   Skills:
 + Level 3.7 Fighting
 + Level 1.0(2.1) Axes
 * Level 1.5(1.7) Maces & Flails
 + Level 2.0(2.2) Polearms
 + Level 0.5 Throwing
 + Level 3.2 Dodging
 - Level 1.4 Stealth
 + Level 5.2 Spellcasting
 + Level 3.5 Conjurations
 * Level 0.6 Hexes
 * Level 5.2 Fire Magic


You had 6 spell levels left.
You knew the following spells:

 Your Spells              Type           Power        Failure   Level  Hunger
a - Flame Tongue          Conj/Fire      ###..        2%          1    None
b - Throw Flame           Conj/Fire      ###...       3%          2    #......
c - Conjure Flame         Conj/Fire      ###.....     8%          3    ###....
d - Sticky Flame          Conj/Fire      ###.....     24%         4    ####...
e - Confusing Touch       Hex            #.....       12%         1    None

Your spell library contained the following spells:

 Spells                   Type           Power        Failure   Level  Hunger
 Inner Flame              Hex/Fire       ##......     13%         3    ###....
 Confuse                  Hex            #.......     34%         3    ###....
 Gell's Gravitas          Tloc           #.........   41%         3    ###....
 Fireball                 Conj/Fire      ###.......   56%         5    ######.
 Petrify                  Tmut/Erth      #.......     83%         4    ####...
 Metabolic Englaciation   Hex/Ice        #.........   98%         5    ######.
 Yara's Violent Unravell  Hex/Tmut       #.........   98%         5    ######.


Dungeon Overview and Level Annotations

Branches:
Dungeon (7/15)             Temple (1/1) D:6

Altars:
Ashenzari
Cheibriados
Dithmenos
Elyvilon
Fedhas
Gozag
Hepliaklqana
Kikubaaqudgha
Makhleb
Nemelex Xobeh
Okawaru
Ru
Sif Muna
Trog
Uskayaw
Wu Jian
Xom
Yredelemnul
Zin
The Shining One

Shops:
D:4 =


Innate Abilities, Weirdness & Mutations

You are too large for most types of armour.
You have tough skin. (AC +1)


Message History

[e] Staff [f] Evocable [g] Food [h] Gold (you have $316)
What kind of item would you like to acquire? [\] known items Something appears at your feet!
* * * LOW HITPOINT WARNING * * *
You feel sick.
C - a runed glaive Your +0 glaive of venom begins to drip with poison!
C - a +0 glaive of venom (weapon)
There is a lethal amount of poison in your body!
Blink to where?
Press: ? - help, Dir - move target cursor, f - you
Okay, then.
You swap places.
* * * LOW HITPOINT WARNING * * *
You feel sick.
There is a stone staircase leading down, spattered with blood here.
You climb downwards.
Your summoned allies are left behind.
* * * LOW HITPOINT WARNING * * *
You feel sick. The killer bee zombie hits you.
You die...

###............$..#
#.................# #
.......>..........#.#
#.................#
#................#
##?............#.#
####.....#.....#..#
.......Z..h......##
#######@F........#
#....##...>...#
#...#####.......# #.#
#######.# .. .# #


You could see a bullfrog, a howler monkey and a killer bee zombie.

Vanquished Creatures
  A sky beast (D:4)
  An ogre (D:2)
  A howler monkey (D:6)
  2 crimson imps (D:5)
  3 orc priests
  5 orc wizards
  3 hounds
  5 iguanas
  Natasha (twice) (D:2)
  6 worker ants
  A howler monkey skeleton (D:4)
  6 adders
  2 shadow imps (D:5)
  An ooze (D:4)
  An adder skeleton (D:6)
  6 worms
  2 dart slugs (D:2)
  3 leopard geckos
  16 orcs
  5 giant cockroaches
  7 goblins
  7 hobgoblins
  12 jackals
  5 quokkas
  2 ball pythons
  5 bats
  4 frilled lizards
  6 kobolds
  A leopard gecko skeleton (D:4)
  A leopard gecko zombie (D:5)
  7 rats
129 creatures vanquished.

Notes
Turn   | Place    | Note
-------+----------+-------------------------------------------
     0 | D:1      | Bronimir the Ogre Fire Elementalist began the quest for the
                  | Orb.
     0 | D:1      | Reached XP level 1. HP: 16/16 MP: 3/3
   142 | D:1      | Reached XP level 2. HP: 7/24 MP: 0/5
   310 | D:1      | Learned a level 2 spell: Throw Flame
  1123 | D:2      | Reached XP level 3. HP: 31/31 MP: 3/6
  1184 | D:2      | Learned a level 3 spell: Conjure Flame
  1195 | D:2      | Noticed Natasha
  1324 | D:2      | Noticed an ogre
  1407 | D:2      | Reached skill level 1 in Conjurations
  1690 | D:2      | Reached XP level 4. HP: 16/40 MP: 0/8
  1716 | D:2      | HP: 2/40 [poisoned by an adder]
  1724 | D:2      | HP: 1/40 [poisoned by an adder]
  2304 | D:2      | Killed Natasha
  2316 | D:2      | Noticed Natasha
  2484 | D:2      | Learned a level 4 spell: Sticky Flame
  2504 | D:2      | Killed an ogre
  2504 | D:2      | Reached skill level 1 in Fighting
  2504 | D:2      | Reached XP level 5. HP: 9/48 MP: 1/11
  3032 | D:2      | Found a sparkling altar of Nemelex Xobeh.
  3088 | D:2      | Killed Natasha
  3169 | D:2      | Reached skill level 1 in Axes
  3202 | D:2      | Reached XP level 6. HP: 57/57 MP: 9/12
  4588 | D:4      | Found Abias's Jewellery Shop.
  4955 | D:4      | Reached XP level 7. HP: 59/66 MP: 4/13
  5167 | D:4      | Reached skill level 1 in Polearms
  5763 | D:4      | Reached skill level 5 in Spellcasting
  6060 | D:5      | Entered Level 5 of the Dungeon
  6099 | D:5      | Found a blossoming altar of Fedhas.
  6633 | D:5      | Reached XP level 8. HP: 63/76 MP: 15/15
  7498 | D:5      | Reached skill level 5 in Fire Magic
  8246 | D:6      | Reached skill level 1 in Maces & Flails
  8741 | D:6      | Found a staircase to the Ecumenical Temple.
  8780 | Temple   | Entered the Ecumenical Temple
  8814 | Temple   | Became a worshipper of Warmaster Okawaru
  8853 | D:6      | Learned a level 1 spell: Confusing Touch
  9100 | D:6      | HP: 3/78 [poisoned by a worker ant]
  9103 | D:6      | Identified a scroll of acquirement
  9106 | D:6      | HP: 1/78 [poisoned by a worker ant]
  9108 | D:7      | Slain by a killer bee zombie

Levels and vault maps discovered:
D:1:      lightli_molten_gateway, layout_rooms
D:2:      layout_rooms, lemuel_round_altar, uniq_natasha
D:3:      layout_basic, serial_bayou_pond_b, hangedman_abyss_or_decor_stabs
D:4:      layout_cave_pods, serial_shops, nicolae_shop_behind_doors,
          first_ration, kennysheep_generic_room_15
D:5:      layout_loops_ring, fedhas_altar_2
D:6:      layout_rooms, minmay_temple_entry_glass, minmay_bent
D:7:      layout_rooms
Temple:   nicolae_temple_the_god_donut

Skill      XL: |  1  2  3  4  5  6  7  8 |
---------------+-------------------------+-----
Fire Magic     | 3 4 5 |  5.2
Dodging        | 2 3 |  3.2
Conjurations   | 1 2 3 |  3.5
Spellcasting   | 4 5 |  5.2
Fighting       | 1 2 3 |  3.7
Axes           | 1 |  1.0
Polearms       | 1 2 |  2.0
Maces & Flails | 1 |  1.5
Throwing       | |  0.5
Stealth        | |  1.4
Hexes          | |  0.6

Action                   |  1- 3 |  4- 6 |  7- 9 || total
-------------------------+-------+-------+-------++-------
Melee: Club              |    12 |       |       ||    12
       Hand axe          |    35 |       |       ||    35
       War axe           |     8 |       |       ||     8
       Spear             |       |    69 |   497 ||   566
       Flail             |       |       |    37 ||    37
Throw: Stone             |       |       |    76 ||    76
 Cast: Flame Tongue      |    42 |    88 |    97 ||   227
       Throw Flame       |     4 |    19 |     9 ||    32
       Confusing Touch   |       |       |     2 ||     2
  Use: Scroll            |       |     2 |     8 ||    10
       Potion            |       |     1 |    10 ||    11
 Stab: Sleeping          |     1 |       |     1 ||     2
  Eat: Chunk             |     2 |    11 |     7 ||    20
       Ration            |       |       |     2 ||     2
Armor: Robe              |    19 |    35 |   203 ||   257
       Skin              |       |       |     9 ||     9
Dodge: Dodged            |    49 |    66 |   246 ||   361
